 Dungeon Crawl Stone Soup version 0.20.1-1-g8b1a95d (webtiles) character file.

124 wojtek the Grave Robber (level 5, -1/28 HPs)
             Began as a Kobold Necromancer on Dec 23, 2017.
             Succumbed to Sigmund's poison
             ... on level 2 of the Dungeon.
             The game lasted 00:07:38 (5035 turns).

wojtek the Grave Robber (Kobold Necromancer)        Turns: 5035, Time: 00:07:39

Health: -1/28      AC:  3    Str:  5    XL:     5   Next: 30%
Magic:  3/8        EV: 15    Int: 17    God:
Gold:   135        SH:  0    Dex: 16    Spells: 3/8 levels left

rFire    . . .     SeeInvis .   a - +0 short sword
rCold    . . .     Gourm    .   (shield restricted)
rNeg     . . .     Faith    .   e - +0 robe
rPois    .         Spirit   .   (no helmet)
rElec    .         Reflect  .   (no cloak)
rCorr    .         Harm     .   (no gloves)
MR       .....                  r - +0 pair of boots
Stlth    ++........             (no amulet)
Regen    0.1/turn               (no ring)
MPRegen  0.2/turn               (no ring)

@: lethally poisoned (-1 -> -17)
A: carnivore 3
a: no special abilities


You were on level 2 of the Dungeon.
You were very full.

You visited 1 branch of the dungeon, and saw 3 of its levels.

You collected 135 gold pieces.

Inventory:

Hand Weapons
 a - a +0 short sword (weapon)
Missiles
 o - 4 curare-tipped needles
Armour
 e - a +0 robe (worn)
 r - a +0 pair of boots (worn)
Jewellery
 i - a cursed -3 ring of strength {unknown}
Scrolls
 d - a scroll of immolation {unknown}
 f - a scroll of fog {unknown}
 h - a scroll of teleportation {unknown}
 j - a scroll of recharging {unknown}
 k - 7 scrolls of identify {unknown}
 l - 2 scrolls of remove curse {unknown}
 m - 2 scrolls of amnesia {unknown}
 n - 3 scrolls of enchant weapon {unknown}
 s - a scroll of random uselessness {unknown}
 t - a scroll of enchant armour {unknown}
Potions
 g - 2 potions of degeneration {unknown}
 p - a potion of brilliance {unknown}
 q - a potion of curing {unknown}
 u - a potion of might {unknown}
Books
 b - a book of Necromancy

   Spells                             Type                      Level
   a - Pain                           Necromancy                   1
   b - Animate Skeleton               Necromancy                   1
   c - Vampiric Draining              Necromancy                   3
   d - Regeneration                   Charms/Necromancy            3
   e - Animate Dead                   Necromancy                   4
   f - Control Undead                 Necromancy                   4
Comestibles
 c - a meat ration


   Skills:
 - Level 2.4 Dodging
 - Level 2.6 Stealth
 - Level 2.1 Spellcasting
 + Level 6.2 Necromancy


You had 3 spell levels left.
You knew the following spells:

 Your Spells              Type           Power        Failure   Level  Hunger
a - Pain                  Necr           ###.         1%          1    #......
d - Animate Dead          Necr           N/A          14%         4    #####..


Dungeon Overview and Level Annotations

Branches:
Dungeon (3/15)

Altars:

Annotations:
D:1 exclusion: downstairs
D:2 Sigmund
D:3 exclusion: quasit, xight's ghost, weakling DEFE


Innate Abilities, Weirdness & Mutations

You are small and have problems with some larger weapons.
You are carnivorous and can eat meat at any time.


Message History

Press: ? - help, Shift-Dir - straight line, f/p - Sigmund
Aim: Sigmund, wielding a scythe of venom and wearing a robe (moderately wounded, chance to defeat MR: 88%) Sigmund writhes in agony!
Sigmund hits you from afar with a scythe of venom.
Casting: Pain
Confirm with . or Enter, or press ? or * to list all spells.
Aiming: Pain
Press: ? - help, Shift-Dir - straight line, f/p - Sigmund
Aim: Sigmund, wielding a scythe of venom and wearing a robe (heavily wounded, chance to defeat MR: 88%) Sigmund writhes in agony!
Sigmund hits you from afar with a scythe of venom!
* * * LOW HITPOINT WARNING * * *
You are more poisoned.
Casting: Pain
Confirm with . or Enter, or press ? or * to list all spells.
Aiming: Pain
Press: ? - help, Shift-Dir - straight line, f/p - Sigmund
Aim: Sigmund, wielding a scythe of venom and wearing a robe (heavily wounded, chance to defeat MR: 88%) Sigmund writhes in agony!
You die...

#####.......##.# #...#
##@.......##.####...##
####..#.##.####.........#
....###.#....######....#
.####..#.#.###.######....#
..##..#.###........##..<.#
#.......##.#...#.###.#.....#
#...#..........#..<..#.....#
#..#.......@.#.#.....#.....#
#..#.........'.......#.....#
#####.##.....>.@.#.#.#########.#
#...#.###'####'###.#.# #.#
#.#.#..(.......#.....##### #.#
#.....(...######.#.......# #.#
###.##....'...##.#..####.#####.#
####.##....###.##....# #.......#
.....##....# #>#####.# #.#######


You could see Sigmund.

Vanquished Creatures
  Jessica (D:1)
  2 adders
  An ooze (D:2)
  2 worms
  5 dart slugs
  2 leopard geckos
  An orc (D:3)
  2 ball pythons (D:1)
  6 bats
  3 giant cockroaches
  8 hobgoblins
  4 jackals
  A quokka (D:3)
  3 frilled lizards (D:2)
  6 goblins
  7 kobolds
  5 rats
59 creatures vanquished.

Notes
Turn   | Place    | Note
-------+----------+-------------------------------------------
     0 | D:1      | wojtek the Kobold Necromancer began the quest for the Orb.
     0 | D:1      | Reached XP level 1. HP: 10/10 MP: 3/3
   362 | D:1      | Reached XP level 2. HP: 15/15 MP: 5/5
  1130 | D:1      | Reached XP level 3. HP: 19/19 MP: 6/6
  1833 | D:2      | Reached skill level 5 in Necromancy
  2795 | D:2      | Noticed Jessica
  2806 | D:1      | Killed Jessica
  2806 | D:1      | Reached XP level 4. HP: 21/24 MP: 2/7
  3108 | D:2      | Noticed Sigmund
  4278 | D:3      | Reached XP level 5. HP: 26/28 MP: 4/8
  4360 | D:3      | Reached skill level 6 in Necromancy
  4640 | D:3      | Learned a level 4 spell: Animate Dead
  4981 | D:3      | Noticed xight's ghost (weakling DEFE)
  5034 | D:2      | HP: 1/28 [Sigmund/scythe of venom (7)]
  5035 | D:2      | Succumbed to Sigmund's poison

Skill      XL: |  1  2  3  4  5 |
---------------+----------------+-----
Necromancy     | 5 6 |  6.2
Dodging        | |  2.4
Stealth        | |  2.6
Spellcasting   | |  2.1

Action                   |  1- 3 |  4- 6 || total
-------------------------+-------+-------++-------
Melee: Short sword       |    78 |    46 ||   124
 Cast: Pain              |    46 |    45 ||    91
       Animate Dead      |       |     5 ||     5
 Stab: Sleeping          |     9 |     7 ||    16
       Distracted        |       |     1 ||     1
  Eat: Chunk             |    14 |     8 ||    22
Armor: Robe              |    13 |     5 ||    18
Dodge: Dodged            |    72 |    49 ||   121
